Construct Infanterie Kompanie
Construct Luftwaffe Kompanie
Flak 30 Anti-aircraft Gun Team
Construct Panzergrenadier Kompanie
Selects Mechanized Battlegroup
Selects Wespe Self-propelled Artillery
Pak 40 Anti-tank Gun Team
Pak 40 Anti-tank Gun Team
Wespe Self-propelled Artillery
Wespe Self-propelled Artillery
Selects Zeroing Artillery Barrage
Zeroing Artillery Barrage
Pak 40 Anti-tank Gun Team
Zeroing Artillery Barrage
Selects 8 Rad Armored Car
Selects UNKNOWN (2160084)
Construct Panzer Kompanie
Zeroing Artillery Barrage
Zeroing Artillery Barrage